 Dungeon Crawl Stone Soup version 0.29.0-11-gd7f09526c8 (webtiles) character file.

Game seed: 4383122376481703135

47 tellme the Trooper (level 3, 0/29 HPs)
             Began as a Demonspawn Abyssal Knight on Sept 3, 2022.
             Was a Believer of Lugonu.
             Succumbed to an adder's poison
             ... on level 3 of the Dungeon.
             The game lasted 00:06:09 (2437 turns).

tellme the Trooper (Demonspawn Abyssal Knight)      Turns: 2437, Time: 00:06:10

Health: 0/29       AC:  3    Str: 12 (13) XL:     3   Next: 48%
Magic:  14/14      EV: 11    Int: 10 (13) God:    Lugonu [**....]
Gold:   155        SH:  0    Dex: 10 (13) Spells: 1/2 levels left

rFire   . . .      SeeInvis .   a - +1 falchion
rCold   . . .      Faith    .   (no shield)
rNeg    . . .      Spirit   .   b - +0 leather armour
rPois   .          Reflect  .   (no helmet)
rElec   .          Harm     .   (no cloak)
rCorr   .          Rampage  .   (no gloves)
Will    .....                   (no boots)
Stlth   +.........              u - amulet of magic regeneration
HPRegen 0.09/turn               m - ring of magical power
MPRegen 0.54/turn               (no ring)

@: lethally poisoned (0 -> -4), attractive
A: hooves 1
a: Renounce Religion, Depart the Abyss, Bend Space


You were on level 3 of the Dungeon.
You worshipped Lugonu.
Lugonu was pleased with you.
You visited 1 branch of the dungeon, and saw 3 of its levels.
You visited the Abyss 1 time.

You collected 155 gold pieces.

Inventory:

Hand Weapons
 a - a +1 falchion (weapon)
 n - a +3 short sword
Armour
 b - a +0 leather armour (worn)
Jewellery
 j - a ring of protection from cold
 m - a ring of magical power (left hand)
 u - an amulet of magic regeneration (around neck)
 w - an amulet of magic regeneration
Scrolls
 d - 3 scrolls of amnesia
 e - a scroll of poison {unknown}
 f - 3 scrolls of identify
 g - a scroll of immolation {unknown}
 h - a scroll of magic mapping
 l - 2 scrolls of vulnerability {unknown}
 q - a scroll of enchant weapon {unknown}
 r - a scroll of teleportation {unknown}
 v - a scroll of acquirement {unknown}
Potions
 c - a potion of mutation {unknown}
 i - a potion of magic {unknown}
 k - a potion of heal wounds {unknown}
 o - a potion of ambrosia {unknown}
 p - a potion of might {unknown}
 t - a potion of attraction


   Skills:
 + Level 3.3 Fighting
 * Level 2.4 Long Blades
 + Level 2.1 Armour
 + Level 1.3 Dodging
 * Level 0.7 Hexes
 * Level 2.7 Invocations


You had one spell level left.
You knew the following spells:

 Your Spells              Type           Power      Damage    Failure   Level
a - Slow                  Hex            4%         N/A       36%         1

Your spell library contained the following spells:

 Spells                   Type           Power      Damage    Failure   Level
 Confusing Touch          Hex            1%         N/A       73%         3
 Vampiric Draining        Necr           0%         2d6       82%         3


Dungeon Overview and Level Annotations

Branches:
Dungeon (3/15)

Altars:


Innate Abilities, Weirdness & Mutations

You have large cloven feet.


Message History

You feel sick. The adder bites you but does no damage.
The adder barely misses you.
You closely miss the adder. Your kick misses the adder.
The adder is moderately wounded.
You feel sick. The adder barely misses you.
You hit the adder.
The adder is heavily wounded.
You feel sick. The adder closely misses you. The adder bites you.
You are too injured to fight recklessly!
You are too injured to fight recklessly!
You are too injured to fight recklessly!
You are too injured to fight recklessly!
You closely miss the adder.
The adder is heavily wounded.
You feel sick. The adder closely misses you. The adder bites you.
You are more poisoned.
The adder poisons you!
You miss the adder. Your kick misses the adder.
The adder is heavily wounded.
You feel sick. The adder bites you.
You hit the adder. Your kick misses the adder.
The adder is almost dead.
You feel sick. The adder bites you but does no damage. The adder bites you.
* * * LOW HITPOINT WARNING * * *
You are lethally poisoned!
The adder poisons you!
You barely miss the adder.
The adder is almost dead.
* * * LOW HITPOINT WARNING * * *
You feel sick. The adder bites you.
* * * LOW HITPOINT WARNING * * *
Okay, then.
Blink to where?
Press: ? - help, Dir - move target
As you read the scroll of blinking, it crumbles to dust.
* * * LOW HITPOINT WARNING * * *
You feel sick.
It was a potion of attraction.
You feel attractive to monsters.
You die...

.# . ..
#.#.#
.......##
#.#.....##
#........##
#..
#.........#
...
+...S....@+
#..
#.........#
#........##
#.....#
##$..## ###
##'## ..##
.# #.#
P..##. #.#


PP.... ##.## You could see an adder.

Vanquished Creatures
  A worm (D:2)
  6 bats
  4 endoplasms
  2 giant cockroaches (D:1)
  5 goblins
  2 hobgoblins (D:1)
  2 jackals (D:1)
  5 ball pythons
  3 frilled lizards
  5 kobolds
  2 rats
37 creatures vanquished.

Vanquished Creatures (others)
  A fungus (D:2)
1 creature vanquished.

Grand Total: 38 creatures vanquished

Notes
Turn   | Place    | Note
-------+----------+-------------------------------------------
     0 | Abyss:1  | tellme the Demonspawn Abyssal Knight began the quest for
                  | the Orb.
     0 | Abyss:1  | Reached XP level 1. HP: 18/18 MP: 2/2
    35 | Abyss:1  | Noticed a large abomination
   119 | Abyss:1  | Noticed a crimson imp
   122 | Abyss:1  | Noticed a worldbinder
   124 | Abyss:1  | Noticed an anaconda skeleton
   125 | Abyss:1  | Noticed a wolf spider
   125 | Abyss:1  | Noticed a tarantella
   126 | Abyss:1  | Noticed a tarantella
   126 | Abyss:1  | Noticed a wolf spider
   126 | Abyss:1  | Noticed a tarantella
   130 | D:1      | Escaped the Abyss
   381 | D:1      | Reached skill level 1 in Dodging
   495 | D:1      | Gained mutation: You have large cloven feet. [demonic
                  | ancestry]
   495 | D:1      | Reached XP level 2. HP: 13/24 MP: 3/3
  1264 | D:1      | Learned a level 1 spell: Slow
  1300 | D:2      | Reached XP level 3. HP: 28/29 MP: 4/4
  1457 | D:2      | Found a faded altar of an unknown god.
  2436 | D:3      | HP: 1/29 [poisoned by an adder]
  2437 | D:3      | Succumbed to an adder's poison

Illustrated notes

Levels and vault maps discovered:
D:1:      tarquinn_simple_flora_water_c, layout_rooms,
          chequers_serial_rivers_room_b
D:2:      layout_loops_corners, serial_glass, glass_columns_c, glass_columns_b,
          shapermc_ecumenical_altar_mp_ritualfount, grunt_decor_arrowhead,
          minmay_misc_feat_roman
D:3:      layout_loops_corners, dreamdust_mushroom_princess, nrook_uturn,
          st_stairs_9, minmay_misc_feat_plants, uniq_natasha

Skill      XL: |  1  2 |
---------------+-------+-----
Dodging        | 1 |  1.3
Armour         | 2 |  2.1
Long Blades    | 2 |  2.4
Fighting       | |  3.3
Hexes          | |  0.7
Invocations    | |  2.7

Action                   || total
-------------------------++-------
Melee: Falchion          ||   112
       Kick              ||    20
       Punch             ||     1
Invok: Depart the Abyss  ||     1
  Use: Scroll            ||     4
       Potion            ||     2
Armor: Leather armour    ||    62
Dodge: Dodged            ||    95
